 Dungeon Crawl Stone Soup version 0.26-a0-812-g31a745ddcd (webtiles) character file.

Game seed: 1406049618304725827

213960 usernamexdxd the Slayer (level 19, -6/250 HPs)
             Began as an Ogre Gladiator on Nov 16, 2020.
             Was the Champion of Wu Jian.
             Mangled by a wolf spider (20 damage)
             ... on level 3 of the Spider Nest on Nov 17, 2020.
             The game lasted 02:28:17 (34436 turns).

usernamexdxd the Slayer (Ogre Gladiator)           Turns: 34436, Time: 02:28:18

Health: -6/250     AC:  9    Str: 29    XL:     19   Next: 37%
Magic:  17/19      EV:  6    Int:  9    God:    Wu Jian [******]
Gold:   2976       SH:  0    Dex: 10    Spells: 7/18 levels left

rFire    + + .     SeeInvis +   a - +8 eveningstar (freeze)
rCold    + . .     Faith    .   G - +18 shield of the Gong {rElec rN+ MR+ EV-5}
rNeg     + . .     Spirit   .   N - +0 acid dragon scales
rPois    +         Reflect  +   K - +2 hat
rElec    +         Harm     .   J - scarf {shadows}
rCorr    +         Rampage  .   (gloves unavailable)
MR       +++..                  (boots unavailable)
Stlth    ..........             M - amulet "Pyum" {Reflect +Inv SH+5}
HPRegen  0.51/turn              R - ring of Teisk {rElec rPois rF++ rC+}
MPRegen  0.16/turn              i - ring of see invisible

@: confused, invisible
A: large, unfitting armour, magic resistance 1, mutation resistance 1, robust 1,
tough skin 1
a: Wall Jump, Serpent's Lash, Heavenly Storm, Renounce Religion


You were on level 3 of the Spider Nest.
You worshipped Wu Jian.
Wu Jian was exalted by your worship.
You visited 6 branches of the dungeon, and saw 31 of its levels.
You also visited: Gauntlet and Ice Cave.

You collected 4104 gold pieces.
You spent 1128 gold pieces at shops.

Inventory:

Hand Weapons
 a - a +8 eveningstar of freezing (weapon)
Missiles
 c - a throwing net (quivered)
Armour
 G - the +18 shield of the Gong (worn) {rElec rN+ MR+ EV-5}
   (You acquired it on level 11 of the Dungeon)

   It affects your evasion (-5).
   It insulates you from electricity.
   It protects you from negative energy.
   It affects your resistance to hostile enchantments.
 J - a scarf of shadows (worn)
 K - a +2 hat (worn)
 N - +0 acid dragon scales (worn)
Jewellery
 i - a ring of see invisible (right hand)
 M - the amulet "Pyum" (around neck) {Reflect +Inv SH+5}
   (You bought it in a shop on level 2 of the Orcish Mines)

   [amulet of reflection]

   It shields you and reflects attacks.
   It lets you turn invisible.
   It affects your SH (+5).
 R - the ring of Teisk (left hand) {rElec rPois rF++ rC+}
   (You took it off a minotaur in a Gauntlet)

   [ring of protection from cold]

   It greatly protects you from fire.
   It protects you from cold.
   It insulates you from electricity.
   It protects you from poison.
Wands
 f - a wand of digging (5)
 k - a wand of acid (33)
 p - a wand of iceblast (5)
 u - a wand of flame (14)
 H - a wand of enslavement (5)
 I - a wand of disintegration (10)
 O - a wand of paralysis (29)
Scrolls
 b - a scroll of brand weapon
 e - 3 scrolls of immolation
 m - a scroll of magic mapping
 o - a scroll of fog
 r - a scroll of identify
 s - 7 scrolls of vulnerability
 t - 4 scrolls of teleportation
 x - 17 scrolls of remove curse
 y - 6 scrolls of fear
 z - 4 scrolls of blinking
 D - a scroll of holy word
 E - 7 scrolls of enchant armour
 F - 9 scrolls of amnesia
Potions
 d - 2 potions of might
 g - 4 potions of flight
 h - 3 potions of haste
 j - 2 potions of berserk rage
 l - 2 potions of lignification
 n - 2 potions of resistance
 q - 12 potions of curing
 w - a potion of heal wounds
 A - 4 potions of mutation
 B - 2 potions of attraction
 L - 6 potions of ambrosia
 Q - a potion of magic
Miscellaneous
 v - a condenser vane


   Skills:
 + Level 22.9 Fighting
 - Level 16.0 Maces & Flails
 - Level 2.0 Throwing
 - Level 3.0 Armour
 - Level 5.0 Dodging
 - Level 9.0 Shields
 - Level 2.0 Hexes
 - Level 14.0 Transmutations
 - Level 14.0 Earth Magic


You had 7 spell levels left.
You knew the following spells:

 Your Spells              Type           Power        Failure   Level
a - Corona                Hex            #......      22%         1
b - Statue Form           Tmut/Erth      ##.......    24%         6
c - Petrify               Tmut/Erth      ##......     1%          4

Your spell library contained the following spells:

 Spells                   Type           Power        Failure   Level
 Sting                    Tmut/Pois      #...         2%          1
 Leda's Liquefaction      Hex/Erth       #.........   19%         4
 Ignite Poison            Fire/Tmut/Pois #.......     22%         3
 Hydra Form               Tmut           ##........   24%         6
 Slow                     Hex            #.......     32%         2
 Animate Skeleton         Necr           #.....       43%         1
 Apportation              Tloc           #.....       43%         1
 Magic Dart               Conj           #...         43%         1
 Pain                     Necr           #...         43%         1
 Shock                    Conj/Air       #...         43%         1
 Summon Small Mammal      Summ           #...         43%         1
 Yara's Violent Unravell  Hex/Tmut       #.........   45%         5
 Poisonous Vapours        Pois/Air       #.....       58%         2
 Sublimation of Blood     Necr           #.........   58%         2
 Swiftness                Air            #.......     58%         2
 Alistair's Intoxication  Tmut/Pois      #........    58%         5
 Irradiate                Conj/Tmut      #.........   58%         5
 Inner Flame              Hex/Fire       #.......     67%         3
 Portal Projectile        Hex/Tloc       #.....       67%         3
 Summon Guardian Golem    Hex/Summ       #.......     67%         3
 Dragon Form              Tmut           ##........   78%         7
 Conjure Flame            Conj/Fire      #.......     82%         3
 Mephitic Cloud           Conj/Pois/Air  #.......     82%         3
 Static Discharge         Conj/Air       #.......     82%         3
 Vampiric Draining        Necr           #.........   82%         3
 Cause Fear               Hex            #.........   91%         4
 Airstrike                Air            #.........   99%         4
 Animate Dead             Necr           #.........   99%         4
 Passage of Golubria      Tloc           N/A          99%         4
 Sticky Flame             Conj/Fire      #.......     99%         4
 Eringya's Noxious Bog    Tmut/Pois      #.........   99%         6
 Agony                    Necr           #.......     100%        5
 Fireball                 Conj/Fire      #.........   100%        5
 Iskenderun's Battlesphe  Conj           #.......     100%        5
 Lightning Bolt           Conj/Air       #.........   100%        5
 Silence                  Hex/Air        #.........   100%        5
 Dispersal                Tloc           #.........   100%        6
 Freezing Cloud           Conj/Ice/Air   #.........   100%        6
 Discord                  Hex            #.........   100%        8


Dungeon Overview and Level Annotations

Branches:
Dungeon (15/15)            Temple (1/1) D:7            Lair (6/6) D:10
  Swamp (0/4) Lair:3       Spider (4/4) Lair:2        Slime (0/5) Lair:5
    Orc (2/2) D:10            Elf (3/3) Orc:2        Vaults (0/5) D:14
 Depths (0/5) D:15          IceCv (visited)         Gauntlet (visited)

Altars:
Ashenzari
Cheibriados
Dithmenos
Elyvilon
Fedhas
Gozag
Hepliaklqana
Kikubaaqudgha
Makhleb
Nemelex Xobeh
Okawaru
Qazlal
Ru
Sif Muna
Trog
Uskayaw
Vehumet
Wu Jian
Xom
Yredelemnul
Zin
The Shining One
Jiyva

Shops:
Orc:2 (=[*   Elf:3 [

Annotations:
D:11 exclusion: orange crystal statue
Lair:6 exclusion: oklob plant
Spider:4 Arachne


Innate Abilities, Weirdness & Mutations

You are too large for most types of armour.
You have tough skin. (AC +1)
You are resistant to hostile enchantments. (MR+)
You are somewhat resistant to further mutation.
You are robust. (+10% HP)


Message History

You feel much better. The wolf spider hits you!!
* * * LOW HITPOINT WARNING * * *
The wolf spider bites you but does no damage.
The wolf spider closely misses you. The wolf spider bites you!
* * * LOW HITPOINT WARNING * * *
The wolf spider barely misses you.
The wolf spider bites you but does no damage.
The wolf spider hits you!!
* * * LOW HITPOINT WARNING * * *
The wolf spider bites you but does no damage.
You fade into invisibility!
The wolf spider barely misses you. The wolf spider bites you.
* * * LOW HITPOINT WARNING * * *
The wolf spider hits you!
* * * LOW HITPOINT WARNING * * *
The wolf spider bites you but does no damage.
The wolf spider barely misses you. The wolf spider bites you!
* * * LOW HITPOINT WARNING * * *
The wolf spider hits you!!
You die...

#..#.....####
##...#..## ##..#(.##
#..###^.########
###..#..#>#.##^##
##=##...##.......#
#...^#..........##
##..##<...####^..#
#.....^.####@ss###
###...#....#ss##
#...#.#.##..s###
######..#####......#
#.#.##..[###^###..##
..#....####^.#.#..###
..#.##..####.....#.<#
#....#####....†...^##
#..####^.....####...#
####


You could see 4 wolf spiders and a tarantella.

Vanquished Creatures
  Jorgrun (Orc:1)
  Rupert (Lair:3)
  3 deep elf blademasters (Elf:2)
  Asterion (Elf:3)
  Gastronok (Lair:3)
  The ghost of ElenaBorisovna the Brawler, an adept NaMo of Cheibriados (Spider:2)
  The ghost of Mebopp the Peltast, an adept HaCK of Xom (Elf:1)
  5 deep elf sorcerers (Elf:3)
  The ghost of zikan the Tortoise, an adept HaHu of Okawaru (Spider:2)
  An orc warlord (Orc:2)
  3 emperor scorpions
  2 deep elf elementalists (Elf:3)
  Nessos (D:12)
  5 deep elf demonologists (Elf:3)
  6 dire elephants (Lair:6)
  3 entropy weavers
  7 deep elf annihilators
  A minotaur (Gauntlet)
  A spark wasp (Spider:2)
  An ettin (D:15)
  6 deep elf death magi
  A fire dragon (D:15)
  3 hydras
  A deep elf high priest (Elf:3)
  4 boulder beetles
  Fannar (Lair:3)
  Erolcha (D:11)
  4 centaur warriors
  Erica (Lair:1)
  An anaconda (Lair:6)
  2 two-headed ogres
  Harold (Lair:2)
  An ogre mage (D:15)
  2 catoblepae (Lair:4)
  24 dancing weapons
  4 death yaks (Lair:6)
  A tengu warrior (D:15)
  2 orc high priests (Orc:2)
  26 deep elf knights
  A large abomination (Elf:3)
  4 unseen horrors
  16 deep elf archers
  A lindwurm (Lair:5)
  An orange crystal statue (Gauntlet)
  A wolf spider zombie (D:15)
  6 orc sorcerers
  3 orc knights
  13 ugly things
  An oklob plant (Gauntlet)
  18 wolf spiders
  65 deep elf magi
  13 orb spiders
  A salamander (shapeshifter) (Elf:3)
  2 cyclopes
  4 moths of wrath
  10 elephants
  7 manticores
  2 ice statues (IceCv)
  5 black mambas
  2 torpor snails (Spider:3)
  An efreet (D:15)
  4 rime drakes
  13 cane toads
  2 gargoyles
  A freezing wraith (D:15)
  A yaktaur (D:15)
  12 komodo dragons
  12 demonic crawlers
  A meliai (shapeshifter) (Elf:2)
  30 jumping spiders
  12 trolls
  Grinder (D:5)
  A polar bear (Lair:5)
  7 blink frogs
  4 slime creatures
  An air elemental (Elf:1)
  2 wraiths
  2 water elementals (Elf:1)
  A wyvern (Lair:3)
  3 shadows
  24 tarantellas
  58 yaks
  61 redbacks
  4 basilisks
  3 fire elementals
  Menkaure (D:6)
  3 vampire mosquitoes (D:15)
  Edmund (D:6)
  5 wargs
  3 swamp worms (Lair:4)
  5 acid dragons
  2 soldier ants
  Duvessa (D:6)
  17 water moccasins
  2 sky beasts
  2 black bears
  3 eyes of draining
  32 orc warriors
  9 ice beasts
  7 ogres
  4 phantoms
  16 wolves
  2 necrophages
  13 centaurs
  4 big kobolds
  An earth elemental (Elf:3)
  20 bullfrogs
  Dowan (D:6)
  A wyvern zombie (D:12)
  7 scorpions
  21 wights
  A killer bee (D:8)
  2 electric eels
  6 howler monkeys
  6 jellies
  4 centaur zombies
  15 orc priests
  A quasit (D:10)
  3 bullfrog zombies
  6 centaur skeletons
  9 hounds
  2 bullfrog skeletons
  18 orc wizards
  An iguana (D:12)
  16 worker ants
  A worker ant zombie (D:8)
  Robin (D:3)
  12 gnolls
  15 adders
  2 shadow imps
  A white imp (D:7)
  4 oozes
  2 adder skeletons (D:4)
  2 worms
  2 dart slugs
  3 leopard geckos
  79 orcs
  6 giant cockroaches
  21 goblins
  10 hobgoblins
  8 jackals
  20 kobolds
  5 quokkas
  6 bats
  A frilled lizard (D:4)
  A jackal skeleton (D:5)
  2 leopard gecko skeletons
  A quokka skeleton (D:6)
  2 quokka zombies
  8 rats
  A crawling corpse (Elf:2)
1058 creatures vanquished.

Vanquished Creatures (collateral kills)
  A lava snake (D:11)
1 creature vanquished.

Vanquished Creatures (others)
  A deep elf knight (Elf:2)
  An unseen horror (D:13)
  A deep elf archer (Elf:1)
  A centaur zombie (D:15)
  3 slime creatures (D:15)
  A water elemental (Elf:1)
  2 lava snakes (D:11)
  2 kobolds
  90 fungi
  67 plants
169 creatures vanquished.

Grand Total: 1228 creatures vanquished

Notes
Turn   | Place    | Note
-------+----------+-------------------------------------------
     0 | D:1      | usernamexdxd the Ogre Gladiator began the quest for the
                  | Orb.
     0 | D:1      | Reached XP level 1. HP: 22/22 MP: 1/1
    32 | D:1      | Reached skill level 3 in Fighting
    35 | D:1      | Reached XP level 2. HP: 17/31 MP: 2/2
   434 | D:1      | Reached XP level 3. HP: 34/39 MP: 3/3
   796 | D:1      | Found a basalt altar of Yredelemnul.
   850 | D:2      | Reached skill level 4 in Fighting
  1445 | D:2      | Reached XP level 4. HP: 40/49 MP: 4/4
  2319 | D:3      | Reached skill level 5 in Fighting
  2389 | D:3      | Reached XP level 5. HP: 40/57 MP: 5/5
  2755 | D:3      | Reached skill level 6 in Fighting
  2755 | D:3      | Reached XP level 6. HP: 65/67 MP: 6/6
  2883 | D:3      | Noticed Robin
  2895 | D:3      | Killed Robin
  3493 | D:4      | Reached skill level 5 in Maces & Flails
  3762 | D:4      | Reached skill level 7 in Fighting
  3770 | D:4      | Reached XP level 7. HP: 35/78 MP: 7/7
  3979 | D:4      | Found a stormy altar of Qazlal.
  4314 | D:4      | Reached skill level 8 in Fighting
  4514 | D:5      | Entered Level 5 of the Dungeon
  4635 | D:5      | Noticed Grinder
  4636 | D:5      | Gained mutation: You are robust. (+10% HP) [potion of
                  | mutation]
  4636 | D:5      | Gained mutation: You are somewhat resistant to further
                  | mutation. [potion of mutation]
  4654 | D:5      | Killed Grinder
  4654 | D:5      | Reached skill level 9 in Fighting
  4654 | D:5      | Reached XP level 8. HP: 43/101 MP: 8/8
  5729 | D:6      | Reached skill level 10 in Fighting
  5800 | D:6      | Noticed Duvessa
  5800 | D:6      | Noticed Dowan
  5817 | D:6      | Killed Duvessa
  5912 | D:6      | Killed Dowan
  5970 | D:6      | Reached XP level 9. HP: 74/112 MP: 9/9
  6041 | D:6      | Noticed Menkaure
  6133 | D:6      | Killed Menkaure
  6529 | D:6      | Reached skill level 11 in Fighting
  6757 | D:6      | Noticed Edmund
  6767 | D:6      | Killed Edmund
  7191 | D:7      | Found a staircase to the Ecumenical Temple.
  7206 | Temple   | Entered the Ecumenical Temple
  7213 | Temple   | Became a worshipper of the Wu Jian Council
  7245 | D:7      | Found a glowing silver altar of Zin.
  7464 | D:7      | Got an ancient dagger
  7488 | D:7      | Got a shimmering trident
  8031 | D:7      | Reached skill level 12 in Fighting
  8609 | D:8      | Reached * piety under Wu Jian
  8698 | D:8      | Learned a level 1 spell: Corona
  8728 | D:8      | Noticed a deep elf mage
  8734 | D:8      | Killed a deep elf mage
  8734 | D:8      | Reached skill level 1 in Hexes
  8734 | D:8      | Reached XP level 10. HP: 102/129 MP: 10/10
  9041 | D:8      | Found a glowing golden altar of the Shining One.
  9382 | D:9      | Reached ** piety under Wu Jian
  9502 | D:9      | Reached skill level 13 in Fighting
  9618 | D:9      | Found a blossoming altar of Fedhas.
  9619 | D:9      | Noticed a two-headed ogre
  9626 | D:9      | Killed a two-headed ogre
  9626 | D:9      | Reached skill level 10 in Maces & Flails
  9870 | D:10     | Entered Level 10 of the Dungeon
  9895 | D:9      | Reached skill level 5 in Dodging
 10029 | D:10     | Reached skill level 14 in Fighting
 10202 | D:10     | Killed an unseen horror
 10202 | D:10     | Reached XP level 11. HP: 109/144 MP: 11/11
 10236 | D:10     | Found a staircase to the Orcish Mines.
 10318 | D:10     | Found a staircase to the Lair.
 10341 | D:9      | Killed an unseen horror
 10341 | D:9      | Reached skill level 15 in Fighting
 10341 | D:9      | Reached skill level 1 in Armour
 10673 | D:10     | Found a white marble altar of Elyvilon.
 10820 | D:11     | Noticed a boulder beetle
 10831 | D:11     | Killed a boulder beetle
 11042 | D:11     | Noticed an orange crystal statue
 11106 | D:11     | Noticed a brown ugly thing
 11111 | D:11     | Killed a brown ugly thing
 11170 | D:11     | Reached *** piety under Wu Jian
 11492 | D:11     | Killed an unseen horror
 11578 | D:11     | Identified 3 scrolls of acquirement
 11578 | D:11     | Acquired the +18 shield of the Gong {rElec rN+ MR+ EV-5}
 11579 | D:11     | Found the +18 shield of the Gong {rElec rN+ MR+ EV-5}
 11589 | D:11     | Acquired 408 gold pieces
 11593 | D:11     | Acquired a +0 eveningstar of protection
 11607 | D:11     | Noticed Erolcha
 11616 | D:11     | Killed Erolcha
 12007 | D:11     | Noticed a manticore
 12186 | Lair:1   | Entered Level 1 of the Lair of Beasts
 12266 | Lair:1   | Noticed Erica
 12269 | Lair:1   | Noticed a six-headed hydra
 12285 | Lair:1   | Killed a six-headed hydra
 12285 | Lair:1   | Reached skill level 5 in Shields
 12293 | Lair:1   | Killed Erica
 12293 | Lair:1   | Reached XP level 12. HP: 104/157 MP: 12/12
 12547 | Lair:1   | Acquired a manual of Earth Magic
 12948 | Lair:2   | Reached **** piety under Wu Jian
 13174 | Lair:2   | Noticed Harold
 13186 | Lair:2   | Killed Harold
 13495 | Lair:2   | Found a hole to the Spider Nest.
 14103 | Lair:3   | Noticed Gastronok
 14121 | Lair:3   | Killed Gastronok
 14121 | Lair:3   | Reached skill level 16 in Fighting
 14246 | Lair:3   | Noticed Fannar
 14341 | Lair:3   | Reached XP level 13. HP: 168/169 MP: 13/13
 14418 | Lair:3   | Found a snail-covered altar of Cheibriados.
 14444 | Lair:3   | Found a staircase to the Swamp.
 14671 | Lair:3   | Killed Fannar
 15071 | Lair:4   | Noticed Rupert
 15087 | Lair:3   | Killed Rupert
 15087 | Lair:3   | Reached skill level 17 in Fighting
 15245 | Lair:4   | Reached ***** piety under Wu Jian
 15480 | Lair:4   | Reached skill level 18 in Fighting
 16171 | Lair:5   | Found a viscous altar of Jiyva.
 16171 | Lair:5   | Found a staircase to the Slime Pits.
 16270 | Lair:5   | Got a fine demon whip
 16437 | Lair:5   | Reached XP level 14. HP: 77/187 MP: 14/14
 17101 | Lair:6   | Entered Level 6 of the Lair of Beasts
 17259 | Lair:6   | Reached skill level 19 in Fighting
 17697 | Lair:6   | Found the +4 Cigotuvi's embrace {rRot *Drain rN+}
 18069 | Lair:6   | Noticed a dire elephant
 18069 | Lair:6   | Noticed a dire elephant
 18075 | Lair:6   | Killed a dire elephant
 18079 | Lair:6   | Killed a dire elephant
 18155 | Lair:6   | Noticed a dire elephant
 18157 | Lair:6   | Noticed a dire elephant
 18159 | Lair:6   | Noticed a dire elephant
 18171 | Lair:6   | Killed a dire elephant
 18180 | Lair:6   | Killed a dire elephant
 18189 | Lair:6   | Killed a dire elephant
 18310 | Lair:6   | Identified the +8 demon whip of Wondrous Power {venom,
                  | Fragile rElec rC+ Dex+7} (You found it on level 5 of the
                  | Lair of Beasts)
 18332 | Lair:6   | Noticed a dire elephant
 18352 | Lair:6   | Killed a dire elephant
 18652 | Orc:1    | Entered Level 1 of the Orcish Mines
 18669 | Orc:1    | Reached skill level 20 in Fighting
 18751 | Orc:1    | Noticed Jorgrun
 18769 | Orc:1    | Killed Jorgrun
 19039 | Orc:2    | Entered Level 2 of the Orcish Mines
 19051 | Orc:2    | Noticed an orc warlord
 19051 | Orc:2    | Found Qeydos's Antique Armour Boutique.
 19058 | Orc:2    | Reached XP level 15. HP: 190/201 MP: 15/15
 19069 | Orc:2    | Killed an orc warlord
 19266 | Orc:2    | Found Tofokem's General Store.
 19269 | Orc:2    | Found a frozen archway.
 19278 | IceCv    | Entered an ice cave
 19279 | IceCv    | Found a transporter.
 19315 | IceCv    | Found a transporter.
 19435 | Orc:2    | Found Hixud's Jewellery Shop.
 19445 | Orc:2    | Found a staircase to the Elven Halls.
 19525 | Orc:2    | Found Niamuim's Antique Weapon Shop.
 19817 | Orc:2    | Bought an uncursed ring of resist corrosion for 260 gold
                  | pieces
 19817 | Orc:2    | Bought the amulet "Pyum" {Reflect +Inv SH+5} for 572 gold
                  | pieces
 20156 | D:12     | Noticed Nessos
 20166 | D:12     | Killed Nessos
 20166 | D:12     | Reached skill level 15 in Maces & Flails
 20198 | D:12     | Reached skill level 21 in Fighting
 20749 | D:12     | Found a viscous altar of Jiyva.
 21012 | D:13     | Reached ****** piety under Wu Jian
 21401 | D:14     | Found a gate to the Vaults.
 21633 | D:14     | Found a gate leading to a gauntlet.
 21658 | Gauntlet | Entered a Gauntlet
 21658 | Gauntlet | Found a transporter.
 21658 | Gauntlet | Found a transporter.
 21703 | Gauntlet | Found a transporter.
 21704 | Gauntlet | Found a transporter.
 21711 | Gauntlet | Found a transporter.
 21715 | Gauntlet | Found a transporter.
 21724 | Gauntlet | Found a transporter.
 21741 | Gauntlet | Found the +8 whip "Snakebite" {curare, rPois}
 21742 | Gauntlet | Found a transporter.
 21753 | Gauntlet | Found a transporter.
 21757 | Gauntlet | Found a transporter.
 21759 | Gauntlet | Found a runed translucent gate.
 21759 | Gauntlet | Found a runed translucent gate.
 21759 | Gauntlet | Found a runed translucent gate.
 21765 | Gauntlet | Found a transporter.
 21769 | Gauntlet | Found a transporter.
 22024 | Gauntlet | Got an ichor-stained hat
 22025 | Gauntlet | Identified the +0 hat "Tufrial" {rElec} (You found it in a
                  | Gauntlet)
 22235 | Gauntlet | Identified the +3 ring mail of Ferphah {rF- MP+9 SInv}
 22235 | Gauntlet | Identified the ring of Teisk {rElec rPois rF++ rC+}
 22400 | Gauntlet | Learned a level 6 spell: Statue Form
 22900 | D:15     | Entered Level 15 of the Dungeon
 22965 | D:15     | Reached skill level 1 in Earth Magic
 22972 | D:15     | Reached XP level 16. HP: 175/217 MP: 16/16
 22975 | D:15     | Reached skill level 1 in Transmutations
 23235 | D:15     | Reached skill level 22 in Fighting
 23325 | D:15     | Reached skill level 5 in Earth Magic
 23420 | D:15     | Found a staircase to the Depths.
 24055 | Elf:1    | Entered Level 1 of the Elven Halls
 24499 | Elf:1    | Reached skill level 5 in Transmutations
 24869 | Elf:1    | Found a transporter.
 24869 | Elf:1    | Identified the ring of the Distant Future {Fire MP-9 Str+4
                  | Slay+5 Stlth-}
 24869 | Elf:1    | Identified the +9 dire flail "Jolegrey" {protect, rC+++}
 24872 | Elf:1    | Noticed Mebopp's ghost (adept HaCK)
 24890 | Elf:1    | Found a transporter.
 25454 | Elf:1    | Killed Mebopp's ghost
 25976 | Elf:2    | Reached XP level 17. HP: 124/228 MP: 17/17
 26011 | Elf:2    | Reached skill level 10 in Earth Magic
 26027 | Elf:2    | Noticed a deep elf blademaster
 27369 | Elf:2    | Found a runed translucent gate.
 27369 | Elf:2    | Found a runed translucent gate.
 27369 | Elf:2    | Found a runed translucent gate.
 28114 | Elf:2    | Killed a deep elf blademaster
 28410 | Elf:2    | Gained mutation: You are resistant to hostile enchantments.
                  | (MR+) [mutagenic glow]
 28480 | Elf:2    | Learned a level 4 spell: Petrify
 28561 | Elf:3    | Entered Level 3 of the Elven Halls
 29057 | Elf:3    | Noticed a Hell Sentinel
 29069 | Elf:3    | Noticed an Executioner
 29069 | Elf:3    | Reached XP level 18. HP: 209/239 MP: 13/18
 29071 | Elf:3    | Noticed a deep elf blademaster
 29076 | Elf:3    | Identified the ring "Veod" {Fire +Inv rN+++ Slay-3 Stlth-}
 29076 | Elf:3    | Noticed a deep elf blademaster
 29104 | Elf:2    | Killed a deep elf blademaster
 29115 | Elf:2    | Killed a deep elf blademaster
 29729 | Elf:3    | Reached skill level 10 in Transmutations
 30270 | Elf:3    | Identified the cursed +1 scimitar of Guilt {vorpal, rPois
                  | Int+2 Stlth-}
 30270 | Elf:3    | Identified the ring of Ulegh {MR+ Str+2}
 30271 | Elf:3    | Noticed a Tzitzimitl
 30509 | Elf:3    | Identified Qewkoj Mustro's Reference Book on Displaced
                  | Malediction
 30607 | Elf:3    | Identified the Volume of Confrontation and Shape Shifting
 30744 | Elf:3    | Noticed Asterion
 30756 | Elf:3    | Killed Asterion
 30758 | Elf:3    | Found Kabyle's Antique Armour Shoppe.
 30852 | Elf:3    | Bought an embroidered scarf for 296 gold pieces
 31179 | Spider:1 | Entered Level 1 of the Spider Nest
 31974 | Spider:2 | Found a runed translucent gate.
 31974 | Spider:2 | Found a runed translucent gate.
 31974 | Spider:2 | Found a runed translucent gate.
 32066 | Spider:2 | Reached XP level 19. HP: 245/248 MP: 15/19
 32088 | Spider:2 | Noticed ElenaBorisovna's ghost (adept NaMo)
 32828 | Spider:2 | Noticed zikan's ghost (adept HaHu)
 32845 | Spider:2 | Killed zikan's ghost
 32868 | Spider:2 | Killed ElenaBorisovna's ghost
 34419 | Spider:4 | Entered Level 4 of the Spider Nest
 34423 | Spider:4 | Noticed Arachne
 34436 | Spider:3 | Mangled by a wolf spider

Illustrated notes

Levels and vault maps discovered:
D:1:      dpeg_arrival_lava_altar, layout_rooms, hex_tiny, minmay_pentomino_u2
D:2:      layout_basic
D:3:      layout_loops_ring, uniq_robin
D:4:      layout_loops_corners, lemuel_round_altar
D:5:      layout_loops_ring, serial_aquarium, aquarium_bridge_island_small
          [aquarium_subvault_small_open, aquarium_subvault_wall,
          aquarium_subvault_bridge, aquarium_subvault_bridge,
          aquarium_subvault_bridge], aquarium_window_corner,
          aquarium_window_fake, aquarium_view_2b, aquarium_view_2d,
          aquarium_balcony_double_1, aquarium_pool_double, uniq_grinder
D:6:      kennysheep_six_static_rooms, layout_basic, uniq_duvessa, uniq_edmund,
          uniq_menkaure
D:7:      layout_layer_cave, zin_academy, minmay_temple_entry_nine_rooms,
          enter_bailey_3
D:8:      minmay_opposing_rooms, layout_rooms, kennysheep_mini_moat
D:9:      layout_basic, fedhas_altar_3
D:10:     layout_loops_ring, due_lair_maze_entry_diamond, david_orc_2,
          elyvilon_altar_3
D:11:     layout_cave_pods, disabler_island, uniq_erolcha
D:12:     layout_cave_pods, serial_column_ruins, column_ruins_grid_1,
          column_ruins_open_tiny, column_ruins_columns_dead_end,
          column_ruins_open_tiny, column_ruins_open_medium,
          column_ruins_open_tiny, column_ruins_grid_3, jiyva_altar_1,
          uniq_nessos
D:13:     layout_rooms
D:14:     layout_rooms, erik_vaults_1, glass_columns_a, gauntlet_entry_generic,
          patterned_corridor
D:15:     hangedman_depths_entry_civil_slaughter, layout_basic,
          hangedman_decor_slide_cut, serial_rivers,
          chequers_serial_rivers_micro_c, chequers_serial_rivers_micro_c,
          chequers_serial_rivers_micro_a, chequers_serial_rivers_marsh,
          minmay_unpleasant_kobolds
Temple:   nicolae_temple_no_exploring_needed
Lair:1:   layout_long_grid, uniq_erica
Lair:2:   layout_cave_pods, nicolae_spider_entry_tight_spaces,
          eino_small_chamber_without_monster, uniq_harold
Lair:3:   layout_gridlike, minmay_swamp_entry_worms, basic_altar, uniq_fannar,
          uniq_gastronok
Lair:4:   nzn_motion_control, layout_regular_city,
          chequers_serial_rivers_room_a, nicolae_lair_grove_arrangements,
          worms_lemuel, infiniplex_staircase_pool_2, uniq_rupert
Lair:5:   minmay_guarded_unrand_snakebite, layout_gridlike, slime_altar_1
Lair:6:   due_jungle_book, layout_hall_layers, minmay_lair_oklob_bushes
Spider:1: layout_spider_delve
Spider:2: layout_chambers, gammafunk_ghost_cemetery
Spider:3: nicolae_spider_mines_3
Spider:4: spider_rune_water, nicolae_arachne_temple, uniq_mara
Orc:1:    layout_diamond_mine, nooodl_orcs_dogs, uniq_jorgrun
Orc:2:    grunt_orc_gardens, layout_caves, grunt_orc_garden, grunt_orc_garden,
          grunt_orc_garden, grunt_orc_garden, portal_ice_cave_entry_pillars_1
Elf:1:    minmay_elf_arrival_circle, layout_geoelf_diagonals,
          gammafunk_ghost_arena, serial_co_window_serial,
          co_window_of_opportunity_a, co_window_of_opportunity_a,
          co_window_paths_b, co_window_of_opportunity_a, co_window_paths_b,
          co_window_of_opportunity_b, co_window_broadway_c, co_window_corner_ca,
          co_window_paths_c, co_window_cross_2, co_window_of_opportunity_b,
          co_window_4corner_a
Elf:2:    layout_loops_corners, hangedman_elven_pyramids
Elf:3:    minmay_elf_hall_dome, layout_loops_corners, serial_shops,
          nicolae_shop_stone, uniq_asterion

Skill      XL: |  1  2  3  4  5  6  7  8  9 10 11 12 13 14 15 16 17 18 19 |
---------------+----------------------------------------------------------+-----
Fighting       | 3 4 5 6 7 9 10 12 14 15 16 18 20 21 22 | 22.9
Maces & Flails | 3 4 5 6 7 9 10 11 13 14 15 16 | 16.0
Dodging        | 3 5 |  5.0
Hexes          | 1 2 |  2.0
Armour         | 3 |  3.0
Shields        | 5 9 |  9.0
Earth Magic    | 1 8 14 | 14.0
Transmutations | 8 9 13 14 | 14.0
Throwing       | |  2.0

Action                   |  1- 3 |  4- 6 |  7- 9 | 10-12 | 13-15 | 16-18 | 19-21 || total
-------------------------+-------+-------+-------+-------+-------+-------+-------++-------
Melee: Flail             |   103 |   244 |    43 |       |       |       |       ||   390
       Mace              |    14 |       |     5 |       |       |       |       ||    19
       Giant spiked club |       |       |   192 |   273 |       |       |       ||   465
       Morningstar       |       |       |    86 |       |       |       |       ||    86
       Eveningstar       |       |       |       |   420 |   664 |       |   126 ||  1210
       Demon whip        |       |       |       |       |   780 |  1284 |    75 ||  2139
Throw: Throwing net      |       |       |     3 |     1 |       |       |       ||     4
 Cast: Corona            |       |       |       |     1 |       |       |       ||     1
       Statue Form       |       |       |       |       |       |    14 |    11 ||    25
       Petrify           |       |       |       |       |       |     1 |       ||     1
Invok: Lunge             |       |       |    14 |    50 |    84 |   115 |     9 ||   272
       Whirlwind         |       |       |     3 |   287 |   438 |   277 |    47 ||  1052
       Heavenly Storm    |       |       |       |       |     2 |     1 |       ||     3
       Serpent's Lash    |       |       |       |       |     2 |       |       ||     2
 Abil: Wall Jump         |       |       |       |     1 |     5 |     4 |     1 ||    11
Evoke: Wand              |       |       |     1 |    13 |     8 |     2 |       ||    24
       Tin of tremorston |       |       |       |       |     3 |       |       ||     3
  Use: Potion            |       |     9 |     2 |     1 |       |     4 |     2 ||    18
       Scroll            |       |     4 |     6 |    15 |     8 |    21 |     1 ||    55
 Stab: Held in net/web   |       |       |     1 |       |       |       |       ||     1
       Fleeing           |       |       |     1 |       |       |       |       ||     1
       Paralysed         |       |       |       |     2 |       |       |       ||     2
       Distracted        |       |       |       |       |       |     1 |       ||     1
Armor: Robe              |    37 |    52 |    64 |    28 |       |       |       ||   181
       Troll leather arm |       |       |       |   118 |   147 |       |       ||   265
       Acid dragon scale |       |       |       |       |    15 |    59 |    10 ||    84
       Skin              |       |       |       |       |       |    83 |   113 ||   196
Dodge: Dodged            |    86 |   104 |   197 |   183 |    70 |    73 |    34 ||   747
Block: Kite shield       |       |       |       |   379 |   994 |   873 |   216 ||  2462
       Reflection        |       |       |       |       |    39 |   113 |     1 ||   153

Table legend: (Time is in decaauts)
 A = Elapsed time spent in this place.
 B = Non-inter-level travel time spent in this place.
 C = Inter-level travel time spent in this place.
 D = Time resting spent in this place.
 E = Time spent auto-exploring this place.
 F = Levels seen in this place.
 G = Mean time per level.
                   A        B        C        D        E       F      G
               +--------+--------+--------+--------+--------+-----+--------+
         Total |  34583 |  32885 |   1698 |    489 |  25561 |  33 | 1048.0 |
       Dungeon |  15784 |  14877 |    907 |     52 |  11455 |  15 | 1052.3 |
        Temple |     15 |     15 |      0 |      0 |      0 |   1 |   15.0 |
          Lair |   6462 |   6110 |    352 |     29 |   4853 |   6 | 1077.0 |
   Spider Nest |   3246 |   3146 |    100 |      1 |   2534 |   4 |  811.5 |
  Orcish Mines |   1378 |   1233 |    145 |      0 |    957 |   2 |  689.0 |
   Elven Halls |   6844 |   6650 |    194 |    407 |   5124 |   3 | 2281.3 |
      Ice Cave |    116 |    116 |      0 |      0 |     78 |   1 |  116.0 |
      Gauntlet |    735 |    735 |      0 |      0 |    558 |   1 |  735.0 |
               +--------+--------+--------+--------+--------+-----+--------+

Top non-repeatable levels by time:
   Elf:2: 3113 daAuts
   Elf:1: 2209 daAuts
Spider:2: 1568 daAuts
     D:2: 1541 daAuts
   Elf:3: 1521 daAuts
    D:11: 1471 daAuts
  Lair:2: 1345 daAuts
     D:5: 1312 daAuts
     D:7: 1310 daAuts
     D:6: 1284 daAuts
     D:4: 1216 daAuts
  Lair:4: 1131 daAuts
     D:3: 1120 daAuts
  Lair:3: 1116 daAuts
  Lair:6: 1081 daAuts
